Map: Altitude LE

Players

A.I. 1 (Very Easy)

  • Race: Terran Terran
  • Spawn Location: 1:00

Archoff

  • Race: Protoss Protoss
  • League: Diamond
  • Spawn Location: 7:00

VOD

Have the link to the VOD?

Description

Time

  • Played on: March 4, 2023, 8:19 a.m.
  • Length: 6:49
Show
View Real Time Build Order
Export as new Build Order

A.I. 1 (Very Easy) Terran 

Build Orders:  

Get SALT Encoding   

  12  0:00  SCV  
  12  0:06  SCV x12  
  14  0:18  SCV, Unknown  
  13  0:30  SCV  
  14  1:04  Command Center  
  14  1:09  Supply Depot  
  14  1:27  Refinery  
  14  1:33  Barracks  
  14  1:56  Supply Depot  
  14  2:06  Refinery  
  14  2:20  Marine  
  14  2:21  Orbital Command  
  15  2:23  SCV  
  16  2:35  SCV  
  17  2:48  SCV  
  17  2:49  SCV  
  19  2:52  Marine  
  20  3:00  SCV  
  20  3:03  SCV  
  22  3:24  Marine  
  23  3:55  Marine  
  21  4:24  Marine  
  22  4:52  Marine  
  23  5:46  SCV, Marine  
  23  5:48  Factory  
  25  5:53  SCV  
  24  6:00  SCV  
  24  6:08  SCV  
  25  6:15  SCV  
  26  6:18  Marine  
  26  6:22  SCV  
  28  6:33  Starport  
  28  6:37  Barracks Tech Lab  
Show
View Real Time Build Order
Export as new Build Order

Archoff Protoss 

Build Orders: Phoenix Opening, Colossus Rush 

Get SALT Encoding   

  12  0:00  Probe  
  12  0:06  Probe x12  
  13  0:14  Pylon  
  13  0:18  Unknown  
  13  0:19  Probe  
  13  0:31  Probe  
  14  0:36  Pylon  
  14  0:43  Probe  
  15  0:55  Gateway  
  15  0:56  Probe (Chrono Boost)  
  16  1:06  Assimilator, Probe (Chrono Boost)  
  16  1:11  Probe (Chrono Boost)  
  18  1:22  Probe  
  19  1:34  Probe  
  20  1:45  Nexus  
  20  1:55  Cybernetics Core  
  20  1:58  Probe  
  21  2:03  Assimilator  
  21  2:09  Pylon  
  21  2:13  Probe  
  22  2:25  Probe  
  22  2:29  Adept (Chrono Boost)  
  25  2:37  Probe  
  25  2:40  Stargate  
  26  2:47  Warp Gate  
  26  2:49  Probe  
  27  2:52  Adept (Chrono Boost)  
  27  2:57  Probe  
  30  3:01  Probe  
  31  3:10  Probe  
  32  3:13  Adept (Chrono Boost)  
  34  3:21  Probe  
  34  3:23  Phoenix (Chrono Boost)  
  34  3:26  Probe  
  38  3:32  Pylon  
  38  3:35  Probe  
  38  3:38  Probe  
  38  3:41  Phoenix  
  40  3:47  Probe  
  43  3:52  Probe  
  43  3:53  Gateway  
  44  3:57  Gateway  
  44  4:01  Probe  
  45  4:04  Probe  
  45  4:07  Phoenix (Chrono Boost)  
  48  4:14  Robotics Facility  
  48  4:15  Probe  
  49  4:20  Probe  
  49  4:21  Assimilator  
  50  4:24  Assimilator  
  50  4:27  Probe  
  50  4:29  Pylon  
  51  4:33  Probe  
  51  4:35  Phoenix  
  54  4:47  Probe x2  
  56  4:59  Probe  
  57  5:02  Pylon, Robotics Bay  
  57  5:07  Nexus  
  57  5:08  Probe  
  57  5:10  Observer (Chrono Boost)  
  59  5:22  Probe x2  
  59  5:23  Forge  
  59  5:27  Pylon  
  61  5:29  Twilight Council  
  61  5:34  Probe  
  62  5:40  Probe  
  63  5:45  Colossus (Chrono Boost)  
  63  5:46  Probe  
  70  5:52  Probe  
  71  5:57  Pylon  
  71  6:03  Pylon, Probe  
  72  6:07  Probe  
  73  6:12  Gateway  
  73  6:14  Gateway  
  73  6:15  Probe  
  74  6:18  Gateway  
  74  6:19  Probe  
  74  6:21  Probe  
  82  6:33  Probe  
  82  6:35  Probe  
  82  6:36  Probe  
  85  6:45  Assimilator  
  87  6:48  Assimilator  
Tags
 
Add a new tag
Caveats
  • Supply blocks, unpowered buildings, or Contaminate may cause inaccurate times.
  • Supply counts are checked every 10 seconds.